Map: Dusk Towers

Players

PartinG - Winner!

  • Race: Protoss Protoss
  • League: Platinum

Solar

  • Race: Zerg Zerg
  • League: Diamond

Event: DreamHack ROCCAT LotV Championship

VOD

https://www.youtube.com/watch?v=tCuaZENq3BE

Description

Time

  • Played on: Nov. 28, 2015, 2:01 p.m.
  • Length: 13:14

All games in this series

Show
View Real Time Build Order
Export as new Build Order

PartinG Protoss - Winner!

Build Orders: Nexus First, Oracle Opening 

Get SALT Encoding   

  12  0:00  Probe (Chrono Boost)  
  13  0:11  Probe (Chrono Boost)  
  14  0:21  Probe (Chrono Boost)  
  14  0:24  Pylon  
  16  0:42  Probe (Chrono Boost)  
  16  0:53  Probe (Chrono Boost)  
  17  0:57  Nexus  
  17  1:07  Gateway  
  17  1:10  Probe (Chrono Boost)  
  18  1:15  Assimilator  
  18  1:21  Probe (Chrono Boost)  
  18  1:23  Assimilator  
  19  1:31  Probe (Chrono Boost)  
  20  1:36  Pylon  
  20  1:42  Probe (Chrono Boost)  
  21  1:52  Probe (Chrono Boost)  
  22  1:55  Cybernetics Core  
  22  2:03  Probe (Chrono Boost)  
  23  2:09  Probe (Chrono Boost)  
  23  2:12  Zealot  
  23  2:13  Probe (Chrono Boost)  
  27  2:20  Probe (Chrono Boost)  
  28  2:24  Probe (Chrono Boost)  
  29  2:30  Probe (Chrono Boost)  
  29  2:33  Stargate  
  29  2:35  Probe (Chrono Boost)  
  31  2:39  Adept  
  31  2:43  Warp Gate  
  31  2:44  Probe (Chrono Boost)  
  34  2:49  Mothership Core (Chrono Boost)  
  36  2:54  Probe (Chrono Boost)  
  37  3:02  Pylon  
  37  3:05  Probe (Chrono Boost)  
  38  3:07  Probe (Chrono Boost)  
  38  3:08  Adept  
  38  3:11  Forge  
  41  3:15  Probe (Chrono Boost)  
  42  3:20  Oracle (Chrono Boost)  
  42  3:24  Probe  
  42  3:25  Probe  
  47  3:35  Probe  
  47  3:37  Probe  
  49  3:45  Probe  
  49  3:48  Nexus  
  50  3:49  Probe  
  50  3:53  Pylon  
  51  3:58  Protoss Ground Weapons Level 1  
  51  4:00  Probe (Chrono Boost), Pylon  
  51  4:02  Probe (Chrono Boost)  
  53  4:12  Probe (Chrono Boost)  
  54  4:22  Probe (Chrono Boost)  
  54  4:23  Probe (Chrono Boost)  
  54  4:26  Photon Cannon  
  54  4:27  Twilight Council  
  54  4:28  Robotics Facility  
  53  4:36  Probe x2 (Chrono Boost)  
  55  4:42  Void Ray (Chrono Boost), Assimilator  
  57  4:46  Probe, Assimilator  
  57  4:48  Probe  
  57  4:57  Probe  
  57  4:59  Resonating Glaives  
  58  5:00  Probe x2, Pylon  
  60  5:11  Gateway  
  60  5:12  Gateway  
  60  5:14  Gateway  
  60  5:16  Pylon  
  60  5:17  Probe x3 (Chrono Boost)  
  63  5:22  Sentry  
  63  5:27  Pylon  
  63  5:28  Probe x2 (Chrono Boost)  
  66  5:31  Warp Prism (Chrono Boost)  
  70  5:35  Probe (Chrono Boost), Protoss Ground Weapons Level 2  
  70  5:39  Probe x2 (Chrono Boost)  
  70  5:40  Gateway  
  70  5:42  Gateway  
  72  5:44  Gateway  
  72  5:48  Probe (Chrono Boost)  
  72  5:49  Probe x2 (Chrono Boost)  
  75  5:53  Sentry  
  77  6:00  Probe, Assimilator  
  77  6:01  Probe x2  
  80  6:04  Assimilator  
  80  6:05  Observer (Chrono Boost)  
  80  6:09  Sentry x2, Adept  
  84  6:13  Phoenix (Chrono Boost)  
  84  6:15  Pylon, Photon Cannon  
  86  6:18  Pylon  
  86  6:22  Adept  
  86  6:24  Gateway  
  88  6:26  Probe  
  88  6:27  Probe x2  
  88  6:30  Photon Cannon  
  91  6:38  Adept x2, Stargate  
  91  6:39  Adept  
  97  6:43  Phoenix (Chrono Boost)  
  99  6:49  Blink  
  99  6:54  Probe x3  
  99  6:55  Photon Cannon  
  99  6:58  Photon Cannon  
  102  7:05  Phoenix (Chrono Boost)  
  104  7:14  Adept x4  
  104  7:15  Adept  
  113  7:26  Phoenix x2 (Chrono Boost)  
  117  7:36  Stalker, Fleet Beacon  
  117  7:37  Stalker, Zealot x2  
  121  7:43  Probe  
  125  7:59  Pylon  
  125  8:00  Pylon  
  125  8:01  Pylon  
  125  8:03  Pylon  
  125  8:19  Nexus  
  125  8:21  Pylon  
  125  8:22  Pylon  
  125  8:26  Stalker x3, Robotics Bay  
  125  8:27  Stalker x5  
  139  8:37  Protoss Ground Weapons Level 3  
  139  8:40  Photon Cannon  
  139  8:41  Photon Cannon  
  139  8:43  Robotics Facility  
  139  8:44  Photon Cannon  
  139  8:45  Pylon  
  139  8:57  Stalker x7  
  139  8:58  Stalker  
  155  9:13  Disruptor (Chrono Boost), Gravitic Drive  
  154  9:31  Disruptor (Chrono Boost)  
  155  9:39  Stalker x8  
  155  9:44  Assimilator  
  165  9:47  Disruptor (Chrono Boost)  
  165  9:50  Assimilator  
  164  10:03  Observer (Chrono Boost)  
  164  10:04  Mothership Core  
  158  10:17  Stalker x5  
  158  10:18  Observer (Chrono Boost)  
  169  10:25  Warp Prism (Chrono Boost)  
  171  10:33  Dark Shrine  
  171  10:38  Disruptor (Chrono Boost)  
  174  10:47  Nexus  
  174  10:48  Pylon  
  161  11:05  Stalker x7  
  161  11:06  Stalker  
  161  11:07  Disruptor x2 (Chrono Boost)  
  163  11:22  Protoss Ground Armor Level 1 (Chrono Boost)  
  161  11:38  Stalker  
  161  11:39  Stalker x7  
  167  11:43  Disruptor x2  
  167  11:47  Photon Cannon x2  
  160  12:11  Stalker x8  
  176  12:17  Observer x2  
  174  12:35  Observer  
  174  12:37  Photon Cannon  
  174  12:40  Pylon  
  174  12:42  Pylon  
  175  12:45  Assimilator  
  175  12:49  Assimilator  
  165  12:55  Stalker x7  
  165  12:56  Stalker  
Show
View Real Time Build Order
Export as new Build Order

Solar Zerg 

Build Orders: 3 Hatch before Pool, Lurkers 

Get SALT Encoding   

  12  0:00  Drone  
  13  0:12  Overlord  
  13  0:17  Drone  
  14  0:31  Drone x2  
  14  0:35  Drone  
  17  0:52  Hatchery  
  17  0:55  Drone  
  17  0:58  Drone  
  18  1:07  Drone  
  19  1:21  Hatchery  
  19  1:24  Drone  
  19  1:36  Spawning Pool  
  19  1:39  Drone  
  19  1:42  Drone  
  20  1:49  Drone  
  21  2:04  Drone x2  
  23  2:11  Overlord  
  23  2:17  Drone  
  24  2:22  Queen  
  24  2:23  Queen  
  28  2:30  Zergling x2  
  28  2:31  Drone  
  28  2:32  Drone, Queen  
  28  2:34  Drone  
  34  2:40  Drone  
  34  2:43  Drone  
  36  2:44  Drone  
  36  2:48  Overlord  
  37  2:54  Drone x2  
  39  3:01  Drone, Queen  
  42  3:08  Zergling x4  
  42  3:09  Extractor x2, Zergling x2  
  43  3:15  Overlord  
  43  3:17  Overlord  
  43  3:20  Drone  
  43  3:27  Drone x2  
  43  3:30  Drone  
  43  3:32  Drone x2  
  48  3:34  Overlord  
  48  3:35  Overlord  
  48  3:36  Drone x2  
  48  3:37  Drone  
  48  3:39  Drone  
  52  3:43  Overlord  
  52  3:46  Drone x3  
  52  3:48  Spore Crawler  
  54  3:50  Spore Crawler  
  54  3:53  Zergling x2  
  54  3:58  Lair  
  54  4:00  Drone  
  54  4:01  Drone  
  57  4:02  Drone  
  57  4:04  Drone  
  57  4:05  Drone  
  57  4:08  Zergling x4  
  61  4:15  Spore Crawler  
  60  4:17  Zergling x8  
  60  4:19  Zergling x2  
  60  4:21  Zergling x2  
  60  4:22  Zergling x2  
  59  4:24  Zergling x2  
  59  4:30  Drone x2  
  57  4:32  Drone  
  57  4:34  Drone x2  
  57  4:35  Drone  
  60  4:38  Metabolic Boost  
  60  4:42  Drone  
  60  4:43  Drone  
  61  4:46  Queen  
  61  4:50  Drone x2  
  64  4:56  Drone x5  
  64  4:59  Extractor  
  68  5:00  Extractor  
  68  5:03  Spire  
  68  5:05  Extractor  
  68  5:06  Extractor  
  64  5:09  Evolution Chamber, Drone x2  
  64  5:10  Overseer  
  64  5:12  Drone  
  64  5:13  Drone  
  67  5:14  Drone  
  67  5:20  Drone x2  
  70  5:22  Overlord  
  70  5:24  Drone x2  
  70  5:25  Drone  
  70  5:26  Drone x2  
  70  5:27  Drone  
  76  5:29  Drone  
  76  5:32  Drone x2  
  76  5:33  Drone  
  76  5:34  Drone  
  81  5:38  Overlord  
  81  5:39  Zerg Melee Weapons Level 1  
  81  5:41  Overlord  
  81  5:43  Drone  
  82  5:53  Overlord  
  82  5:55  Overlord  
  82  5:59  Hatchery, Drone  
  82  6:07  Drone  
  82  6:09  Zergling x4  
  82  6:10  Zergling x10  
  90  6:13  Overlord x2  
  89  6:19  Zerg Flyer Weapons Level 1  
  89  6:23  Mutalisk x3  
  89  6:24  Mutalisk x2  
  99  6:29  Mutalisk x3  
  99  6:32  Mutalisk, Extractor  
  106  6:35  Mutalisk  
  106  6:37  Extractor  
  106  6:38  Overlord  
  106  6:41  Mutalisk  
  107  6:47  Drone x4  
  107  6:48  Overseer  
  111  6:54  Hydralisk Den  
  111  6:55  Overlord  
  111  6:56  Drone x3  
  111  7:00  Drone x7  
  120  7:04  Overlord  
  120  7:06  Drone  
  121  7:11  Queen  
  121  7:13  Drone  
  123  7:23  Overlord, Lurker Den  
  123  7:24  Drone  
  123  7:25  Drone  
  123  7:26  Drone  
  124  7:31  Hydralisk  
  124  7:32  Hydralisk x7  
  124  7:34  Zerg Missile Weapons Level 1  
  140  7:37  Hydralisk x2  
  140  7:39  Drone  
  140  7:41  Drone  
  140  7:43  Hydralisk x3  
  152  7:46  Spore Crawler, Drone  
  152  7:53  Zergling x6  
  152  7:54  Zergling x4  
  152  7:58  Overlord  
  155  8:00  Hydralisk x2  
  155  8:04  Overseer  
  159  8:06  Overlord  
  159  8:09  Overlord  
  159  8:10  Overlord  
  159  8:13  Overlord  
  159  8:14  Overlord  
  159  8:18  Zergling x2  
  159  8:19  Zergling x12  
  164  8:23  Overlord  
  163  8:27  Zergling x2  
  163  8:28  Zergling x10  
  163  8:29  Overlord  
  165  8:38  Hydralisk x2  
  165  8:39  Hydralisk, Zergling x2  
  165  8:40  Zergling x6  
  175  8:43  Drone  
  175  8:44  Drone  
  175  8:47  Infestation Pit  
  175  8:49  Lurker x3  
  175  8:50  Lurker x2  
  175  8:51  Lurker x2, Muscular Augments  
  175  8:52  Hydralisk x3  
  175  8:55  Hydralisk  
  190  8:59  Hydralisk x2  
  190  9:00  Hatchery, Hydralisk  
  194  9:10  Hydralisk x2  
  197  9:17  Hydralisk x2  
  197  9:23  Hatchery  
  186  9:31  Hydralisk x2  
  186  9:32  Hive, Zergling x8  
  186  9:33  Zergling x12  
  195  9:40  Zergling x10  
  200  9:47  Zergling x2  
  200  9:48  Zergling x4  
  198  9:53  Hydralisk x5  
  198  9:56  Zergling x2  
  198  9:57  Zergling x12  
  198  9:59  Overlord  
  191  10:01  Lurker  
  191  10:02  Lurker x4  
  191  10:05  Zergling x2  
  194  10:09  Zergling x12  
  178  10:21  Lurker x2  
  172  10:23  Drone x4  
  172  10:24  Zergling x16  
  172  10:26  Lurker  
  172  10:27  Lurker x2  
  185  10:35  Lurker x2  
  185  10:38  Drone x2  
  185  10:40  Overseer, Extractor x2  
  185  10:42  Queen  
  183  10:43  Corruptor x6  
  183  10:45  Greater Spire  
  181  10:53  Corruptor x4  
  185  10:57  Zergling x20  
  185  10:58  Zergling x2  
  185  11:03  Corruptor x2  
  181  11:07  Zergling x2  
  175  11:13  Zergling x12  
  172  11:19  Zergling x12  
  172  11:20  Adrenal Glands  
  177  11:26  Evolution Chamber  
  177  11:27  Zergling x10  
  177  11:30  Hydralisk x3  
  187  11:35  Hydralisk  
  163  11:40  Zergling x4  
  163  11:41  Overseer  
  163  11:44  Lurker x2  
  163  11:45  Zergling x6  
  169  11:51  Zergling x12  
  168  11:54  Zergling x10  
  168  11:55  Zergling x2  
  168  11:59  Lurker x2  
  163  12:01  Zergling x6  
  163  12:07  Zergling x6  
  145  12:14  Zergling x4, Brood Lord x3  
  147  12:19  Zergling x2  
  147  12:20  Zergling x12  
  154  12:24  Corruptor x3  
  154  12:28  Zergling x2  
  154  12:29  Zergling x4  
  162  12:34  Brood Lord  
  162  12:35  Corruptor  
  159  12:50  Zergling x2  
  159  12:51  Zergling x20  

Tags
 
Add a new tag
Caveats
  • Supply blocks, unpowered buildings, or Contaminate may cause inaccurate times.
  • Supply counts are checked every 10 seconds.